 Dungeon Crawl Stone Soup version 0.23.0 (webtiles) character file.

Game seed: 11666844458678226399

5323 theswoord the Carver (level 10, -7/91 HPs)
             Began as a Naga Berserker on Feb 12, 2019.
             Was an Elder of Trog.
             Hit by a large rock thrown by a stone giant (44 damage)
             ... on level 9 of the Dungeon.
             The game lasted 00:18:20 (7505 turns).

theswoord the Carver (Naga Berserker)               Turns: 7505, Time: 00:18:20

Health: -7/91      AC: 10    Str: 28    XL:     10   Next: 64%
Magic:  10/10      EV: 11    Int: 10    God:    Trog [****..]
Gold:   286        SH:  0    Dex: 17    Spells: 9/9 levels left

rFire    x . .     SeeInvis +   x - +11 plutonium sword {*Contam Stlth-}
rCold    + . .     Gourm    .   (shield currently unavailable)
rNeg     . . .     Faith    .   k - +0 ring mail
rPois    +         Spirit   .   d - +1 helmet
rElec    .         Reflect  .   e - scarf {cloud immunity}
rCorr    .         Harm     +   r - +0 pair of gloves
MR       +....                  (no barding)
Stlth    ..........             i - amulet of harm
HPRegen  0.25/turn              y - +4 ring of dexterity
MPRegen  0.12/turn              J - ring "Cyplewk" {Ice Str+7 Int+3 Slay+2}

@: very slow
A: large, see invisible, deformed body, poison resistance, slowness 2, slow
metabolism 1, spit poison 1, AC +3
a: Spit Poison, Berserk, Trog's Hand, Brothers in Arms, Renounce Religion


You were on level 9 of the Dungeon.
You worshipped Trog.
Trog was greatly pleased with you.
You were not hungry.

You visited 1 branch of the dungeon, and saw 9 of its levels.

You collected 448 gold pieces.
You spent 162 gold pieces at shops.

Inventory:

Hand Weapons
 a - a +1 falchion
 l - a +4 rapier of freezing
 x - the +11 plutonium sword (weapon) {*Contam Stlth-}
   (You found it on level 8 of the Dungeon)

   It causes magical contamination when unequipped.
   It makes you less stealthy.
Armour
 b - a +0 animal skin
 d - a +1 helmet (worn)
 e - a scarf of cloud immunity (worn)
 k - a +0 ring mail (worn)
 r - a +0 pair of gloves (worn)
Jewellery
 i - an amulet of harm (around neck)
 p - an uncursed ring of stealth
 q - an uncursed ring of attention
 y - a +4 ring of dexterity (left hand)
 D - a +2 ring of intelligence
 J - the ring "Cyplewk" (right hand) {Ice Str+7 Int+3 Slay+2}
   (You bought it in a shop on level 9 of the Dungeon)

   [ring of ice]

   It enhances your ice magic.
   It affects your strength (+7).
   It affects your intelligence (+3).
   It affects your accuracy and damage with ranged weapons and melee attacks
   (+2).
   It makes you vulnerable to fire.
   It protects you from cold.
Wands
 B - a wand of acid (6)
 E - a wand of disintegration (33)
 H - a wand of digging (3)
Scrolls
 s - 2 scrolls of enchant armour
 t - a scroll of blinking
 v - 6 scrolls of remove curse
 F - a scroll of enchant weapon
 I - a scroll of teleportation
 K - a scroll of magic mapping {unknown}
Potions
 f - 6 potions of curing
 g - a potion of berserk rage
 h - 3 potions of cancellation
 j - 2 potions of brilliance
 m - 2 potions of agility
 n - 2 potions of might
 o - 3 potions of lignification
 u - a potion of mutation
 w - a potion of ambrosia {unknown}
 z - a potion of degeneration {unknown}
 A - a potion of flight {unknown}
 C - a potion of magic {unknown}
Comestibles
 c - 15 rations
 G - 4 chunks of flesh


   Skills:
 - Level 5.7 Fighting
 + Level 12.9 Long Blades
 - Level 4.3 Armour
 - Level 4.4 Dodging


You had 9 spell levels left.
You didn't know any spells.
Your spell library was empty.

Dungeon Overview and Level Annotations

Branches:
Dungeon (9/15)             Temple (0/1) D:4            Lair (0/6) D:8
    Orc: D:9-12

Altars:
Ashenzari
Elyvilon
Gozag
Makhleb
Nemelex Xobeh
Okawaru
Trog
Uskayaw
Vehumet
Xom
Zin
The Shining One

Shops:
D:4 :   D:9 *

Annotations:
D:9 1 exclusion


Innate Abilities, Weirdness & Mutations

You cannot wear boots.
Your serpentine skin is tough. (AC +3)
You have supernaturally acute eyesight. (SInv)
Armour fits poorly on your strangely shaped body.
Your system is resistant to poisons. (rPois)
You cover ground very slowly.
You have a slow metabolism.
You can spit poison.


Message History

Put on which piece of jewellery? (? for menu, Esc to quit)
You're wearing all the rings you can.
Remove which one? (? for menu, Esc to cancel) < or
y - a +4 ring of dexterity; > or
p - a ring of stealth You remove your ring of stealth.
You feel more attuned to ice.
You feel stronger.
You feel clever.
J - the ring "Cyplewk" (right hand) {Ice Str+7 Int+3 Slay+2} Your library has no spells.
Put on which piece of jewellery? (? for menu, Esc to quit)
Okay, then.
The stone giant is too close now for your liking.
A stone giant is nearby!
The stone giant shouts!
The stone giant throws a large rock.
The large rock hits you!!
You see here a large rock.
The stone giant throws a large rock.
The large rock hits you!!
* * * LOW HITPOINT WARNING * * *
The stone giant throws a large rock.
The large rock hits you!!!
You die...

. #.. #....## ###.###.#. #....
#...#.÷..# #.'.#)+.#######....
#...'....####.#.###.#..........
#...#.........##...##..........
#...#.....##########.....######
##'##.....#########......#
........................#
.................#######.#
#...........(@..'.....#.######
#.........#####.#.....+.......
#.....C...+ #.#.....#....∩..
.........# #.#.....#...####
.........# #.#######...#
.........#####...........#
.##+##..................#
#...##+#####.......# #.......#


You could see a stone giant.

Vanquished Creatures
  Erica (D:8)
  A two-headed ogre (D:9)
  Pikel (D:5)
  Grum (D:8)
  Eustachio (D:4)
  Menkaure (D:5)
  A hungry ghost (D:9)
  Edmund (D:4)
  Duvessa (D:4)
  4 ice beasts
  2 ogres (D:9)
  A phantom (D:8)
  A sky beast (D:9)
  A slave (D:5)
  3 wolves (D:8)
  2 centaurs
  3 bullfrogs
  Dowan (D:4)
  2 scorpions
  4 killer bees (D:9)
  5 crimson imps
  A jelly (D:8)
  5 hounds
  9 orc wizards
  A bullfrog skeleton (D:8)
  An orc priest (D:3)
  2 centaur skeletons
  2 iguanas
  4 worker ants
  A hound zombie (D:9)
  3 hound skeletons
  10 adders
  An ooze (D:3)
  2 adder skeletons
  An adder zombie (D:9)
  6 worms
  A dart slug (D:2)
  4 leopard geckos
  26 orcs
  11 giant cockroaches
  7 goblins
  6 hobgoblins
  4 jackals (D:5)
  7 quokkas
  2 ball pythons (D:5)
  A bat (D:3)
  7 frilled lizards
  A jackal zombie (D:5)
  8 kobolds
  A leopard gecko skeleton (D:4)
  9 rats
182 creatures vanquished.

Vanquished Creatures (others)
  A wizard (D:3)
  A slave (D:5)
  A bullfrog (D:5)
  A hound (D:5)
  A worker ant (D:5)
5 creatures vanquished.

Grand Total: 187 creatures vanquished

Notes
Turn   | Place    | Note
-------+----------+-------------------------------------------
     0 | D:1      | theswoord the Naga Berserker began the quest for the Orb.
     0 | D:1      | Reached XP level 1. HP: 21/21 MP: 1/1
   512 | D:1      | Reached XP level 2. HP: 13/28 MP: 2/2
  1330 | D:2      | Reached skill level 4 in Long Blades
  1390 | D:2      | Reached XP level 3. HP: 34/34 MP: 3/3
  1425 | D:2      | Reached XP level 4. HP: 13/42 MP: 4/4
  1862 | D:2      | Found an opulent altar of Gozag.
  1905 | D:2      | Reached skill level 5 in Long Blades
  2024 | D:2      | Found a bloodstained altar of Trog.
  2049 | D:2      | Reached ** piety under Trog
  2464 | D:3      | Found a sparkling altar of Nemelex Xobeh.
  2721 | D:3      | Reached XP level 5. HP: 45/49 MP: 5/5
  2741 | D:3      | Reached skill level 6 in Long Blades
  2968 | D:3      | Found a bloodstained altar of Trog.
  2969 | D:3      | Noticed a wizard
  2974 | D:3      | Killed a wizard
  3203 | D:4      | Noticed Duvessa
  3203 | D:4      | Noticed Dowan
  3210 | D:4      | Killed Duvessa
  3210 | D:4      | Reached XP level 6. HP: 47/56 MP: 6/6
  3211 | D:4      | Killed Dowan
  3211 | D:4      | Reached skill level 7 in Long Blades
  3292 | D:4      | Found an iron altar of Okawaru.
  3324 | D:4      | Noticed Eustachio
  3326 | D:4      | Noticed Edmund
  3331 | D:4      | Killed Eustachio
  3331 | D:4      | Reached XP level 7. HP: 62/62 MP: 7/7
  3340 | D:4      | Killed Edmund
  3340 | D:4      | Reached skill level 8 in Long Blades
  3477 | D:4      | Found a staircase to the Ecumenical Temple.
  3502 | D:4      | Reached *** piety under Trog
  3654 | D:4      | Found a radiant altar of Vehumet.
  3736 | D:4      | Found Kyerchigh's Book Shop.
  3921 | D:5      | Entered Level 5 of the Dungeon
  4089 | D:5      | Found a white marble altar of Elyvilon.
  4101 | D:5      | Reached skill level 9 in Long Blades
  4140 | D:5      | Reached XP level 8. HP: 68/69 MP: 8/8
  4235 | D:5      | Noticed Menkaure
  4243 | D:5      | Noticed Pikel
  4258 | D:5      | Killed Pikel
  4258 | D:5      | Reached skill level 10 in Long Blades
  4263 | D:5      | Killed Menkaure
  4263 | D:5      | Reached skill level 11 in Long Blades
  4586 | D:5      | Found a burning altar of Makhleb.
  4591 | D:5      | Reached XP level 9. HP: 68/75 MP: 9/9
  4835 | D:5      | Noticed a blizzard demon
  4838 | D:5      | Noticed a smoke demon
  5211 | D:6      | Reached **** piety under Trog
  5681 | D:7      | Found a shattered altar of Ashenzari.
  5793 | D:7      | Noticed a +0 hand axe
  5794 | D:7      | Noticed a +0 hand axe
  5818 | D:7      | Found a hide-covered altar of Uskayaw.
  6242 | D:8      | Noticed Grum
  6259 | D:8      | Killed Grum
  6618 | D:8      | Found a staircase to the Lair.
  6656 | D:8      | Found the +11 plutonium sword {*Contam Stlth-}
  6673 | D:8      | Found a glowing golden altar of the Shining One.
  6735 | D:8      | Found a shimmering altar of Xom.
  6735 | D:8      | Found a glowing silver altar of Zin.
  6735 | D:8      | Noticed an angel
  6735 | D:8      | Noticed Erica
  6740 | D:8      | Killed Erica
  6740 | D:8      | Reached skill level 5 in Fighting
  6740 | D:8      | Reached XP level 10. HP: 82/91 MP: 10/10
  6964 | D:9      | Noticed a two-headed ogre
  6967 | D:9      | Received a gift from Trog
  6971 | D:9      | Killed a two-headed ogre
  6971 | D:9      | Reached skill level 12 in Long Blades
  7290 | D:9      | Noticed a stone giant
  7473 | D:9      | Found Yliemebesk's Assorted Antiques.
  7478 | D:9      | Bought a fine tin ring for 135 gold pieces
  7478 | D:9      | Bought a scroll labeled SIYRISITIL for 27 gold pieces
  7479 | D:9      | Identified the ring "Cyplewk" {Ice Str+7 Int+3 Slay+2} (You
                  | bought it in a shop on level 9 of the Dungeon)
  7505 | D:9      | Hit by a large rock thrown by a stone giant

Skill      XL: |  1  2  3  4  5  6  7  8  9 10 |
---------------+-------------------------------+-----
Long Blades    | 4 5 6 7 9 11 12 | 12.9
Dodging        | 4 |  4.4
Armour         | 4 |  4.3
Fighting       | 5 |  5.7

Action                   |  1- 3 |  4- 6 |  7- 9 | 10-12 || total
-------------------------+-------+-------+-------+-------++-------
Melee: Falchion          |    75 |   160 |   299 |       ||   534
       Triple sword      |       |       |     3 |    58 ||    61
Invok: Berserk           |     2 |     3 |     5 |     2 ||    12
  Use: Scroll            |     2 |     9 |     3 |       ||    14
 Stab: Sleeping          |       |       |     4 |       ||     4
  Eat: Chunk             |     1 |     8 |    15 |     5 ||    29
Armor: Animal skin       |     3 |       |       |       ||     3
       Ring mail         |    13 |    58 |   117 |    27 ||   215
Dodge: Dodged            |    32 |    83 |   145 |    51 ||   311
       Rpst.: Falchion   |    10 |    21 |    39 |       ||    70
       Triple sword      |       |       |     1 |    21 ||    22

Levels and vault maps discovered:
D:1:      dpeg_arrival_refuge, layout_basic, chequers_decorated_corner,
          hangedman_decor_clover_reticule, minivault_26, skrybe_limestone_x
D:2:      layout_rooms, nicolae_gozag_cash_rules_everything_around_me,
          trog_butcher_becter
D:3:      layout_basic, lemuel_crystal_altar, trog_wizard
D:4:      layout_cave_pools, vehumet_crystals, old_standard_altar,
          minmay_temple_entry_butterflies, serial_shops, kennysheep_little_box,
          uniq_edmund, uniq_duvessa, uniq_eustachio
D:5:      layout_basic, makhleb_altar_promises_db, lemuel_crystal_altar,
          portal_sewer_entry_e, first_ration, uniq_pikel, uniq_menkaure
D:6:      layout_cave_pools, hangedman_decor_riveting, kennysheep_path_1
D:7:      layout_basic, ashenzari_altar_1, dancing_weapons_uskayaw
D:8:      layout_loops_ring, grunt_temple_overflow_order_and_chaos_1,
          overflow_temple_1_default, lair_entry_dummy, uniq_erica, uniq_grum
D:9:      layout_irregular_city, serial_shops, shop, hangedman_pestilent_swarm,
          chequers_serial_rivers_micro_a, kennysheep_just_a_vault
